 Dungeon Sprint DCSS version 0.20.0-1-g1cb1d84 (webtiles) character file.

630 Canard the Carver (level 7, -8/58 HPs)
             Began as a Vine Stalker Berserker on May 26, 2017.
             Was a Priest of Trog.
             Mangled by Sonja
             ... wielding a +0 short sword of distortion
              (13 damage)
             ... in the Dungeon (Sprint I: "Red Sonja").
             The game lasted 00:02:01 (395 turns).

Canard the Carver (Vine Stalker Berserker)           Turns: 395, Time: 00:02:02

Health: -8/58      AC:  2    Str: 24    XL:     7   Next: 48%
Magic:  0/8        EV: 14    Int:  7    God:    Trog [***...]
Gold:   456        SH:  0    Dex: 16    Spells: 6/6 levels left

rFire    . . .     SeeInvis .   a - +0 falchion
rCold    . . .     Gourm    .   (no shield)
rNeg     . . .     Faith    .   b - +0 animal skin
rPois    .         Spirit   +   (no helmet)
rElec    .         Reflect  .   (no cloak)
rCorr    .         Harm     .   (no gloves)
MR       .....     NoTele   +   (no boots)
Stlth    ..........             (no amulet)
Regen    0.6/turn               (no ring)
MPRegen  0.2/turn               (no ring)

@: berserking, very quick
A: fangs 2, regeneration 1, magic shield, antimagic bite, no potion heal 3, rot
immunity
a: Berserk, Trog's Hand, Burn Spellbooks, Renounce Religion


You were in the Dungeon.
You worshipped Trog.
Trog was most pleased with you.
You were not hungry.

You visited 1 branch You collected 456 gold pieces.

Inventory:

Hand Weapons
 a - a +0 falchion (weapon)
 k - the +3 quarterstaff "Arbiter" {holy, rF- Dex+3 SInv}
   (You found it in the Dungeon)

   It has been blessed by the Shining One to cause great damage to the undead
   and demons.
   It affects your dexterity (+3).
   It makes you vulnerable to fire.
   It lets you see invisible.
Armour
 b - a +0 animal skin (worn)
Scrolls
 i - a scroll of blinking
Potions
 d - a potion of curing
 e - a potion of heal wounds
 f - a potion of haste
 g - 2 potions of magic
 h - a potion of berserk rage


   Skills:
 + Level 5.0 Fighting
 + Level 12.4 Long Blades
 - Level 4.0 Armour
 - Level 4.0 Dodging


You had 6 spell levels left.
You didn't know any spells.

Dungeon Overview and Level Annotations

Branches:
Dungeon (1/1)

Altars:
Cheibriados
Dithmenos
Elyvilon
Fedhas
Gozag
Hepliaklqana
Kikubaaqudgha
Makhleb
Nemelex Xobeh
Okawaru
Qazlal
Ru
Sif Muna
Trog
Uskayaw
Vehumet
Xom
Yredelemnul
Zin
The Shining One
Jiyva
Lugonu

Shops:
D *

Annotations:
D Sonja


Innate Abilities, Weirdness & Mutations

You have extremely sharp teeth.
Your natural rate of healing is unusually fast.
When hurt, damage is shared between your health and your magic reserves.
Your bite disrupts and absorbs the magic of your enemies.
Potions cannot restore your health.
You are immune to rotting.


Message History

You feel a strange sense of stasis.
Sonja hits you with an uncursed short sword of distortion.
* * * LOW HITPOINT WARNING * * *
Space warps horribly around you!
* * * LOW HITPOINT WARNING * * *
Huge Dmg: -34%(-20hp) hp: 25%(14hp)
You closely miss Sonja. Your bite misses Sonja.
Sonja is moderately wounded.
Unknown command.
You miss Sonja.
Sonja is moderately wounded.
Sonja hits you with an uncursed short sword of distortion.
* * * LOW HITPOINT WARNING * * *
Space bends around you.
* * * LOW HITPOINT WARNING * * *
Sonja hits you with an uncursed short sword of distortion.
* * * LOW MAGIC WARNING * * *;
* * * LOW HITPOINT WARNING * * *
Space warps horribly around you!
* * * LOW MAGIC WARNING * * *
You die...

#..'[.#..'..#..'..+..#
#..#####'#####'#__####
#..####..#...#.####
#..#_K####..##.#
#..#_____##'#..+
#⌠⌠#_.∩...'..._#
####_..__##_.#'#
#_____###K#.#
#########@### +..$+
#$.$# ##.## #+#


You could see Sonja.

Vanquished Creatures
  A slime creature (D)
  Sigmund (D)
  A yak (D)
  An ogre (D)
  A jelly (D)
  Ijyb (D)
6 creatures vanquished.

Notes
Turn   | Place    | Note
-------+----------+-------------------------------------------
     0 | D        | Canard the Vine Stalker Berserker began the quest for the Orb.
     0 | D        | Reached XP level 1. HP: 11/11 MP: 2/2
     2 | D        | Noticed Ijyb
     4 | D        | Killed Ijyb
     4 | D        | Reached skill level 3 in Long Blades
     4 | D        | Reached XP level 2. HP: 17/17 MP: 3/3
     4 | D        | Reached XP level 3. HP: 21/21 MP: 4/4
    48 | D        | Noticed an ogre
    49 | D        | Killed an ogre
    49 | D        | Reached skill level 5 in Fighting
    49 | D        | Reached skill level 4 in Long Blades
    49 | D        | Gained mutation: Your natural rate of healing is unusually fast. [Vine Stalker growth]
    49 | D        | Reached XP level 4. HP: 27/27 MP: 5/5
   110 | D        | Noticed Sigmund
   117 | D        | Killed Sigmund
   117 | D        | Reached ** piety under Trog
   117 | D        | Reached skill level 9 in Long Blades
   117 | D        | Reached XP level 5. HP: 26/30 MP: 6/6
   117 | D        | Reached XP level 6. HP: 30/35 MP: 7/7
   169 | D        | Found a deep blue altar of Sif Muna.
   171 | D        | Found a radiant altar of Vehumet.
   187 | D        | Got a shimmering quarterstaff
   188 | D        | Identified the +3 quarterstaff "Arbiter" {holy, rF- Dex+3 SInv} (You found it in the Dungeon)
   207 | D        | Found Vemetial's Assorted Antiques.
   207 | D        | Found an ancient bone altar of Kikubaaqudgha.
   207 | D        | Found a hazy altar of Hepliaklqana.
   207 | D        | Found a stormy altar of Qazlal.
   207 | D        | Found a hide-covered altar of Uskayaw.
   207 | D        | Found a blossoming altar of Fedhas.
   207 | D        | Found a bloodstained altar of Trog.
   207 | D        | Found an iron altar of Okawaru.
   207 | D        | Found a basalt altar of Yredelemnul.
   207 | D        | Found a glowing golden altar of the Shining One.
   207 | D        | Found a snail-covered altar of Cheibriados.
   207 | D        | Found a sacrificial altar of Ru.
   207 | D        | Found a glowing silver altar of Zin.
   207 | D        | Found a shadowy altar of Dithmenos.
   207 | D        | Found a white marble altar of Elyvilon.
   207 | D        | Noticed a yak
   208 | D        | Found an opulent altar of Gozag.
   216 | D        | Killed a yak
   216 | D        | Reached skill level 11 in Long Blades
   216 | D        | Reached XP level 7. HP: 18/39 MP: 5/8
   218 | D        | Found a sparkling altar of Nemelex Xobeh.
   255 | D        | Found a viscous altar of Jiyva.
   255 | D        | Found a corrupted altar of Lugonu.
   255 | D        | Noticed a slime creature
   256 | D        | Found a burning altar of Makhleb.
   256 | D        | Found a shimmering altar of Xom.
   286 | D        | Killed a slime creature
   286 | D        | Reached *** piety under Trog
   286 | D        | Reached skill level 12 in Long Blades
   382 | D        | Noticed Sonja
   395 | D        | Mangled by Sonja

Skill      XL: |  1  2  3  4  5  6  7 |
---------------+----------------------+-----
Fighting       | 3 5 |  5.0
Long Blades    | 3 4 9 11 12 | 12.4
Armour         | 2 4 |  4.0
Dodging        | 2 4 |  4.0

Action                   |  1- 3 |  4- 6 |  7- 9 || total
-------------------------+-------+-------+-------++-------
Melee: Bite              |     3 |     4 |     7 ||    14
       Falchion          |     2 |    10 |    15 ||    27
Invok: Berserk           |     2 |     2 |     2 ||     6
 Stab: Sleeping          |       |     2 |       ||     2
  Eat: Chunk             |       |     1 |     1 ||     2
       Bread ration      |       |       |     1 ||     1
Armor: Animal skin       |       |       |     3 ||     3
Dodge: Dodged            |     2 |     1 |     9 ||    12
       Rpst.: Falchion   |     2 |       |     1 ||     3
